AoeStats
← Lord_Wilfredo

Arena

508145487Analyzed
3v3 RM · 12d ago on Sep 21, 2026· 44m 51s· 6 players
Game mode
Random Map
Map size
Normal (6 player)
Population
200
Speed
Normal
Resources
Standard
Victory
Conquest
Starting age
Dark Age
Ending age
Imperial Age
RankedLock teamsTeams togetherTeam positionsShared explorationLock speedFull tech treeHidden civsTurbo modeCheats
Victory
Defeat
🇵🇪 Persians · Peru
1363
+14
🇦🇷 Spanish · Argentina
1356
+16
🇨🇴 Wu · Colombia
1346
+15
🇭🇳 Franks · Honduras
1332
-15
🇭🇳 Goths · Honduras
1325
-15
🇭🇳 Cumans · Honduras
1325
-15
[TeBrR] Bandwidth
0:25 Loom
9:46 Feudal Age
14:12 Castle Age
13:19 Double-Bit Axe
13:15 Horse Collar
14:06 Stone Mining
15:20 Wheelbarrow
15:39 Bow Saw
22:16 Sanctity
29:25 Imperial Age
29:49 Scale Mail Armor
30:37 Forging
31:25 Fletching
33:45 Chain Mail Armor
34:10 Squires
35:54 Conscription
36:14 Gold Mining
36:54 Anarchy
39:25 Iron Casting
39:18 Hand Cart
42:26 Blast Furnace
43:35 Heavy Plow
[TeBrR] Overlord201
0:32 Loom
9:09 Feudal Age
11:48 Double-Bit Axe
11:45 Horse Collar
15:17 Man-at-Arms
20:43 Fletching
25:03 Castle Age
25:16 Gold Mining
26:26 Capped Ram
28:16 Bloodlines
28:18 Scale Barding Armor
28:24 Forging
31:20 Chain Barding Armor
31:47 Bow Saw
33:29 Iron Casting
35:34 Ballistics
38:06 Imperial Age
38:10 Bodkin Arrow
38:16 Padded Archer Armor
38:28 Elite Steppe Lancer
41:41 Chemistry
[TeBrR] Cobraxx
4:47 Loom
9:12 Feudal Age
Lord_Wilfredo
10:29 Feudal Age
14:20 Castle Age
12:51 Double-Bit Axe
14:12 Loom
15:34 Bow Saw
22:50 Padded Archer Armor
25:53 Leather Archer Armor
26:49 Town Watch
33:55 Gold Mining
36:16 Bloodlines
37:29 Wheelbarrow
40:11 Imperial Age
39:37 Husbandry
42:41 Forging
42:37 Scale Barding Armor
42:23 Cavalier
lcastillov22
9:56 Feudal Age
14:50 Castle Age
12:54 Double-Bit Axe
13:59 Horse Collar
16:04 Wheelbarrow
16:38 Bow Saw
19:12 Heavy Plow
19:41 Stone Mining
19:42 Gold Mining
23:21 Hand Cart
22:54 Loom
22:55 Town Watch
26:14 Gold Shaft Mining
26:14 Stone Shaft Mining
26:44 Husbandry
26:55 Bloodlines
26:50 Padded Archer Armor
26:40 Fletching
28:29 Town Patrol
28:51 Leather Archer Armor
28:31 Bodkin Arrow
34:33 Imperial Age
32:41 Scale Barding Armor
32:47 Forging
34:07 Chain Barding Armor
34:13 Elite War Elephant
35:15 Conscription
36:24 Two-Man Saw
35:59 Crop Rotation
36:39 Hoardings
36:46 Citadels
36:38 Kamandaran
37:42 Chemistry
37:02 Ballistics
36:39 Murder Holes
38:29 Plate Barding Armor
38:29 Iron Casting
38:25 Ring Archer Armor
38:53 Sappers
40:47 Light Cavalry
42:29 Blast Furnace
[SICK] WhiteSun
11:12 Feudal Age
12:58 Feudal Age
13:37 Loom
13:15 Man-at-Arms
14:16 Double-Bit Axe
14:13 Horse Collar
14:45 Forging
16:06 Fletching
18:30 Scale Mail Armor
24:00 Castle Age
22:39 Stone Mining
24:02 Gold Mining
24:52 Bodkin Arrow
25:39 Guard Tower
27:56 Masonry
32:31 Imperial Age
30:41 Bow Saw
31:10 Iron Casting
32:09 Scale Barding Armor
32:49 Bloodlines
32:40 Husbandry
33:24 Chain Barding Armor
33:39 Conscription
33:35 Town Watch
38:10 Wheelbarrow
37:34 Murder Holes
42:29 Heavy Hei Guang Cavalry
Connection lost

Rejoining the realm…

Still unreachable

The connection could not be restored.

Session expired

The server has moved on; the page needs a fresh start.